 Dungeon Crawl Stone Soup version 0.28.0 (webtiles) character file.

Game seed: 12703777164268200012

18 Descartes the Magician (level 2, 0/23 HPs)
             Began as a Djinni Warper on Feb 7, 2022.
             Slain by a jackal (1 damage)
             ... on level 1 of the Dungeon.
             The game lasted 00:01:03 (1029 turns).

Descartes the Magician (Djinni Warper)              Turns: 1029, Time: 00:01:03

Health: 0/23       AC:  3    Str: 10    XL:     2   Next: 90%
Gold:   9          EV: 11    Int: 14    God:
                   SH:  0    Dex: 12

rFire   + + .      SeeInvis .   a - +0 falchion
rCold   x . .      Faith    .   (no shield)
rNeg    . . .      Spirit   .   b - +0 leather armour
rPois   ∞          Reflect  .   (no helmet)
rElec   .          Harm     .   (no cloak)
rCorr   .          Rampage  .   (no gloves)
Will    .....                   (boots unavailable)
Stlth   +.........              (no amulet)
HPRegen 0.07/turn               (no ring)
MPRegen 0.00/turn               (no ring)

@: flying
A: sickness immunity, fire resistance 2, cold vulnerability 1, float, innate
caster, HP casting, extra vitality 1
a: no special abilities


You were on level 1 of the Dungeon.
You visited 1 branch of the dungeon, and saw 1 of its levels.

You collected 9 gold pieces.

Inventory:

Hand Weapons
 a - a +0 falchion (weapon)
Missiles
 d - 5 boomerangs of dispersal (quivered)
Armour
 b - a +0 leather armour (worn)
Scrolls
 c - a scroll of blinking
 e - a scroll of fear {unknown}
 f - a scroll of identify {unknown}


   Skills:
 + Level 2.3 Fighting
 + Level 2.1 Long Blades
 - Level 0.7 Throwing
 + Level 1.5 Armour
 - Level 2.1 Dodging
 + Level 2.6 Spellcasting


You couldn't memorise any spells.
You knew the following spells:

 Your Spells              Type           Power      Damage    Failure   Level
a - Blink                 Tloc           18%        N/A       16%         2
b - Lesser Beckoning      Tloc           9%         N/A       30%         3
c - Gell's Gravitas       Tloc           9%         N/A       30%         3
d - Teleport Other        Tloc           9%         N/A       30%         3
e - Manifold Assault      Tloc           9%         N/A       95%         5
Your spell library was empty.

Dungeon Overview and Level Annotations

Branches:
Dungeon (1/15)

Altars:


Innate Abilities, Weirdness & Mutations

You are immune to sickness and miasma.
You are immune to poison.
Your flesh is very heat resistant. (rF++)
You are vulnerable to cold. (rC-)
You float through the air rather than walking.
You learn spells naturally, not from books.
Your magical power is your life essence.
You have superior vitality. (+4 MHP)


Message History

The jackal is severely wounded.
The jackal bites you. The jackal closely misses you. The jackal bites you. x3
You hit the jackal.
The jackal is almost dead.
The jackal bites you.
The jackal bites you but does no damage. x2
The jackal closely misses you. The jackal bites you.
You are too injured to fight recklessly!
You are too injured to fight recklessly!
You are too injured to fight recklessly!
You are too injured to fight recklessly!
You are too injured to fight recklessly!
You are too injured to fight recklessly!
You are too injured to fight recklessly!
You are too injured to fight recklessly!
You are too injured to fight recklessly!
You are too injured to fight recklessly!
You are too injured to fight recklessly!
You are too injured to fight recklessly!
You are too injured to fight recklessly!
You are too injured to fight recklessly!
You are too injured to fight recklessly!
The jackal barely misses you.
The jackal bites you but does no damage.
The jackal bites you. x2
The jackal bites you but does no damage.
The jackal bites you.
* * * LOW HITPOINT WARNING * * *
The jackal barely misses you. x2
The jackal bites you.
* * * LOW HITPOINT WARNING * * *
The jackal barely misses you.
The jackal bites you but does no damage.
The jackal closely misses you. The jackal bites you.
* * * LOW HITPOINT WARNING * * *
You hit the jackal but do no damage.
The jackal bites you but does no damage.
You closely miss the jackal. The jackal bites you.
You die...

#.# #.# #.# #.# #.# #.### #######
#.# #...†
.###############.....###.#######.
...............r......^..........
...†........r..hhr...######.####.
.###############h##..# #.# #. .
#############@##..# #.# #.
##...........#.##..# #.# #.
...............##..# #.# #.
#...........####..######.# #.
#...........# ##.....##.# #.
#...........# ###..##.##.####.
#...........# #...............
#...........# #.##.##.##.#####
#...........# #.#...#.........


You could see a quokka, 3 jackals and a rat.

Vanquished Creatures
  A dart slug (D:1)
  2 endoplasms (D:1)
  3 goblins (D:1)
  A jackal (D:1)
  A quokka (D:1)
  A ball python (D:1)
  A bat (D:1)
  2 frilled lizards (D:1)
  A kobold (D:1)
  4 rats (D:1)
17 creatures vanquished.

Notes
Turn   | Place    | Note
-------+----------+-------------------------------------------
     0 | D:1      | Descartes the Djinni Warper began the quest for the Orb.
     0 | D:1      | Reached XP level 1. HP: 18/18 MP: 0/0
   291 | D:1      | Reached XP level 2. HP: 12/23 MP: 0/0
  1027 | D:1      | HP: 1/23 [jackal (2)]
  1029 | D:1      | Slain by a jackal

Illustrated notes

Levels and vault maps discovered:
D:1:      sevenhm_arrival_forest_fort_large_3, layout_basic,
          chequers_serial_rivers_small_a

Skill      XL: |  1  2 |
---------------+-------+-----
Long Blades    | 2 |  2.1
Fighting       | |  2.3
Throwing       | |  0.7
Armour         | |  1.5
Dodging        | |  2.1
Spellcasting   | |  2.6

Action                   || total
-------------------------++-------
Melee: Falchion          ||    48
       Punch             ||     1
 Stab: Sleeping          ||     2
Armor: Leather armour    ||    23
Dodge: Dodged            ||    35
